 Dungeon Crawl Stone Soup version 0.19.5 (webtiles) character file.

3278 greprep the Thaumaturge (level 9, -12/47 HPs)
             Began as a Deep Elf Conjurer on May 6, 2017.
             Was an Initiate of Vehumet.
             Shot with a sling bullet by Joseph (23 damage)
             ... on level 8 of the Dungeon.
             The game lasted 00:38:50 (9593 turns).

greprep the Thaumaturge (Deep Elf Conjurer)         Turns: 9593, Time: 00:38:51

Health: -12/47     AC:  5    Str:  7    XL:     9   Next: 69%
Magic:  2/26       EV: 15    Int: 29    God:    Vehumet [......]
Gold:   0          SH:  0    Dex: 15    Spells: 5 memorised, 16 levels left

rFire  + . .     SeeInvis .     y - +1 shortbow of Nefyx {freeze, rF+ Str+2 Int+5}
rCold  . . .     Gourm    .     D - +0 robe {MR+}
rNeg   . . .     Faith    .     (shield currently unavailable)
rPois  .         Spirit   .     x - +0 helmet
rElec  .         Reflect  .     s - +1 cloak
rCorr  .         Harm     .     (no gloves)
MR     +....                    (no boots)
Stlth  +++.......               g - amulet of regeneration
                                (no ring)
                                (no ring)

@: very slightly contaminated, hasted, studying Stealth, very quick
A: no striking features
a: Renounce Religion


You were on level 8 of the Dungeon.
You worshipped Vehumet.
Vehumet was noncommittal.
You were not hungry.

You visited 1 branch of the dungeon, and saw 8 of its levels.

You collected 204 gold pieces.
You spent 204 gold pieces at shops.

Inventory:

Hand Weapons
 y - the +1 shortbow of Nefyx (weapon) {freeze, rF+ Str+2 Int+5}
   (You found it on level 6 of the Dungeon)

   It causes projectiles fired from it to freeze those they strike, causing
   extra injury to most foes and up to half again as much damage against
   particularly susceptible opponents.
   They can also slow down cold-blooded creatures.
   It affects your strength (+2).
   It affects your intelligence (+5).
   It protects you from fire.
 A - a cursed +4 falchion
Armour
 h - a +2 robe
 s - a +1 cloak (worn)
 x - a +0 helmet (worn)
 D - a +0 robe of magic resistance (worn)
Jewellery
 g - an amulet of regeneration (around neck)
Wands
 f - a wand of acid (7/15)
Scrolls
 d - 2 scrolls of teleportation {unknown}
 e - 2 scrolls of recharging
 j - 3 scrolls of fog
 n - a scroll of amnesia {unknown}
 q - 2 scrolls of remove curse
 t - a scroll of blinking {unknown}
 v - a scroll of magic mapping {unknown}
 w - 2 scrolls of enchant weapon
Potions
 c - a potion of ambrosia {unknown}
 i - 2 potions of magic
 m - a potion of berserk rage {unknown}
 p - 2 potions of flight {unknown}
 z - a potion of cancellation {unknown}
Books
 a - a manual of Stealth
 b - a book of Conjurations

   Spells                             Type                      Level
   a - Magic Dart                     Conjuration                  1
   b - Searing Ray                    Conjuration                  2
   c - Dazzling Spray                 Conjuration/Hexes            3
   d - Fulminant Prism                Conjuration/Hexes            4
   e - Iskenderun's Mystic Blast      Conjuration                  4
   f - Iskenderun's Battlesphere      Conjuration/Charms           5
 k - a book of Battle

   Spells                             Type                      Level
   a - Infusion                       Charms                       1
   b - Shroud of Golubria             Charms/Translocation         2
   c - Song of Slaying                Charms                       2
   d - Spectral Weapon                Hexes/Charms                 3
   e - Regeneration                   Charms/Necromancy            3
 u - a book of Changes

   Spells                             Type                      Level
   a - Beastly Appendage              Transmutation                1
   b - Sticks to Snakes               Transmutation                2
   c - Spider Form                    Transmutation/Poison         3
   d - Ice Form                       Ice/Transmutation            4
   e - Blade Hands                    Transmutation                5
Comestibles
 r - 4 bread rations
 C - 8 fruits


   Skills:
 + Level 1.2 Fighting
   Level 1.3 Polearms
 + Level 5.8 Dodging
 + Level 6.1 Stealth
 + Level 11.0 Spellcasting
 + Level 10.0 Conjurations
 + Level 3.0 Hexes


You had 16 spell levels left.
You knew the following spells:

 Your Spells              Type           Power        Failure   Level  Hunger
a - Magic Dart            Conj           ####         1%          1    None
b - Searing Ray           Conj           ######       1%          2    None
c - Iskenderun's Mystic   Conj           ######..     1%          4    None
d - Fulminant Prism       Conj/Hex       ######....   2%          4    None
e - Regeneration          Chrm/Necr      ###.......   12%         3    None


Dungeon Overview and Level Annotations

Branches:
Dungeon (8/15)             Temple (0/1) D:6
   Lair: D:8-11

Altars:
Ashenzari
Elyvilon
Fedhas
Hepliaklqana
Nemelex Xobeh
Trog
Uskayaw
Vehumet
Xom
The Shining One

Shops:
D:4 =   D:5 ?

Annotations:
D:8 Joseph, Prince Ribbit


Message History

Confirm with . or Enter, or press ? or * to list all spells.
Aiming: Searing Ray
Press: ? - help, Shift-Dir - straight line, f/p - Prince Ribbit
Aim: Prince Ribbit (heavily wounded)
The searing ray hits Prince Ribbit.
Prince Ribbit is heavily wounded. (Press . to maintain the ray.)
The searing ray hits Prince Ribbit.
Prince Ribbit is severely wounded.
The searing ray misses Prince Ribbit.
The searing ray hits Joseph.
Joseph is moderately wounded.
Prince Ribbit hits you! Prince Ribbit hits you.
Prince Ribbit blinks!
Joseph shoots a sling bullet.
The sling bullet hits you!
* * * LOW HITPOINT WARNING * * *
You see here a sling bullet.
You feel yourself speed up.
You are very lightly contaminated with residual magic.
Joseph shoots a sling bullet.
The sling bullet hits you!!
You die...

#.#......(# ####### ##.######.#
......# #.# #.# ....#.# #.# #.#
#.#.#.# #.# #.# #.#.#.# #.# #.##
#.#.#.###########.## #.##
#####.#.#..@...........#####...
##.......)...F(@.#####...)......
#......#.#..####.# #...#######
#...####.#..# #.#####...# #.ยง#
#.#..# #.........####### .F>.
#.#..##########.........# ##.
#.#......######<#######.# ..
..##.###....(...# #.# ##
######.############ #.#
.........((# #.#


You could see Joseph and Prince Ribbit.

Vanquished Creatures
  Maurice (D:8)
  A wraith (D:8)
  Duvessa (D:6)
  2 orc warriors (D:6)
  A sky beast (D:6)
  An ice beast (D:6)
  A phantom (D:5)
  A necrophage (D:8)
  An ogre (D:5)
  2 centaurs
  A big kobold (D:7)
  Blork the orc (D:6)
  4 bullfrogs
  A scorpion (D:7)
  Dowan (D:6)
  A water moccasin skeleton (D:6)
  5 wights (D:8)
  A howler monkey (D:7)
  6 crimson imps
  A quasit (D:6)
  3 hounds
  Crazy Yiuf (D:3)
  5 orc priests
  A bullfrog skeleton (D:6)
  4 orc wizards
  2 iguanas
  3 worker ants
  Natasha (thrice) (D:2)
  Robin (D:3)
  6 gnolls
  10 adders
  2 shadow imps
  An ooze (D:3)
  2 adder zombies
  An adder skeleton (D:4)
  6 worms
  2 dart slugs
  4 leopard geckos
  21 orcs
  7 ball pythons
  7 giant cockroaches
  11 goblins
  12 hobgoblins
  12 jackals
  8 kobolds
  3 quokkas
  11 bats
  8 frilled lizards
  13 rats
  A fungus (D:3)
205 creatures vanquished.

Vanquished Creatures (others)
  9 fulminant prisms
9 creatures vanquished.

Grand Total: 214 creatures vanquished

Notes
Turn   | Place    | Note
-------+----------+-------------------------------------------
     0 | D:1      | greprep the Deep Elf Conjurer began the quest for the Orb.
     0 | D:1      | Reached XP level 1. HP: 10/10 MP: 6/6
   133 | D:1      | Reached XP level 2. HP: 15/15 MP: 4/8
   137 | D:1      | Learned a level 2 spell: Searing Ray
   576 | D:1      | Reached skill level 5 in Conjurations
   750 | D:1      | Reached XP level 3. HP: 19/19 MP: 3/9
   918 | D:2      | Noticed Natasha
   923 | D:2      | Killed Natasha
  1096 | D:2      | Found a hide-covered altar of Uskayaw.
  1099 | D:2      | Found a shattered altar of Ashenzari.
  1133 | D:2      | Noticed Natasha
  1144 | D:2      | Killed Natasha
  1144 | D:2      | Reached XP level 4. HP: 24/24 MP: 6/11
  1239 | D:2      | Noticed Natasha
  1258 | D:2      | Killed Natasha
  1589 | D:2      | Reached skill level 4 in Spellcasting
  1613 | D:2      | Learned a level 4 spell: Iskenderun's Mystic Blast
  1903 | D:2      | Reached XP level 5. HP: 28/28 MP: 7/13
  2163 | D:2      | Found a shimmering altar of Xom.
  3093 | D:3      | Reached XP level 6. HP: 32/32 MP: 5/15
  3101 | D:3      | Found a glowing golden altar of the Shining One.
  3198 | D:3      | Noticed Robin
  3217 | D:3      | Reached skill level 5 in Spellcasting
  3373 | D:3      | Killed Robin
  3786 | D:3      | Found a runed door.
  3790 | D:3      | Noticed Crazy Yiuf
  3794 | D:3      | Killed Crazy Yiuf
  3885 | D:4      | Found Haton's Jewellery Emporium.
  4589 | D:5      | Entered Level 5 of the Dungeon
  4645 | D:5      | Reached skill level 6 in Spellcasting
  4645 | D:5      | Reached XP level 7. HP: 37/37 MP: 10/18
  4655 | D:5      | Found a white marble altar of Elyvilon.
  4686 | D:5      | Reached skill level 1 in Polearms
  5171 | D:5      | Found Bojirel's Magic Scroll Shop.
  5174 | D:5      | Bought a scroll of enchant weapon for 90 gold pieces
  5174 | D:5      | Bought a scroll of identify for 24 gold pieces
  5174 | D:5      | Bought a scroll of enchant armour for 90 gold pieces
  5302 | D:5      | Found a shimmering altar of Xom.
  5393 | D:5      | Reached skill level 7 in Spellcasting
  5620 | D:5      | Reached XP level 8. HP: 42/42 MP: 14/21
  5727 | D:5      | Learned a level 4 spell: Fulminant Prism
  6179 | D:6      | Noticed Dowan
  6186 | D:6      | Noticed Duvessa
  6188 | D:6      | Killed Dowan
  6198 | D:6      | Killed Duvessa
  6198 | D:6      | Reached skill level 8 in Spellcasting
  6415 | D:6      | Reached skill level 1 in Hexes
  6423 | D:6      | Reached skill level 5 in Stealth
  6425 | D:6      | Reached skill level 1 in Fighting
  6454 | D:6      | Reached skill level 9 in Spellcasting
  6689 | D:6      | Noticed Blork the orc
  6705 | D:6      | Killed Blork the orc
  7135 | D:6      | Found a bloodstained altar of Trog.
  7135 | D:6      | Found a radiant altar of Vehumet.
  7138 | D:6      | Became a worshipper of Vehumet
  7171 | D:6      | Found a staircase to the Ecumenical Temple.
  7213 | D:6      | Got a slimy shortbow
  7214 | D:6      | Identified the cursed +1 shortbow of Nefyx {freeze, rF+ Str+2 Int+5} (You found it on level 6 of the Dungeon)
  7350 | D:6      | Reached XP level 9. HP: 47/47 MP: 16/24
  7534 | D:7      | Reached skill level 5 in Dodging
  7543 | D:7      | Learned a level 3 spell: Regeneration
  7792 | D:7      | Reached skill level 10 in Spellcasting
  7803 | D:7      | Found a blossoming altar of Fedhas.
  8428 | D:7      | Found a hazy altar of Hepliaklqana.
  8585 | D:8      | Noticed Maurice
  8884 | D:8      | Noticed Joseph
  8898 | D:8      | HP: 1/47 [Joseph/sling bullet (11)]
  9364 | D:8      | Found a sparkling altar of Nemelex Xobeh.
  9564 | D:8      | Noticed Prince Ribbit
  9578 | D:8      | Killed Maurice
  9578 | D:8      | Reached skill level 11 in Spellcasting
  9578 | D:8      | Reached skill level 10 in Conjurations
  9593 | D:8      | Shot with a sling bullet by Joseph

Skill      XL: |  1  2  3  4  5  6  7  8  9 |
---------------+----------------------------+-----
Conjurations   | 5 6 7 9 10 | 10.0
Dodging        | 3 4 5 |  5.8
Spellcasting   | 4 6 7 9 11 | 11.0
Stealth        | 3 4 5 6 |  6.1
Polearms       | 1 |  1.3
Hexes          | 2 3 |  3.0
Fighting       | 1 |  1.2

Action                   |  1- 3 |  4- 6 |  7- 9 || total
-------------------------+-------+-------+-------++-------
Melee: Unarmed           |    11 |       |       ||    11
       Spear             |       |    46 |       ||    46
       Dagger            |       |       |     1 ||     1
       Shortbow          |       |       |     1 ||     1
 Cast: Magic Dart        |    46 |    85 |   111 ||   242
       Searing Ray       |     7 |    28 |    52 ||    87
       Iskenderun's Myst |       |     8 |       ||     8
       Fulminant Prism   |       |       |     9 ||     9
  Use: Scroll            |       |       |    10 ||    10
       Potion            |       |       |     5 ||     5
 Stab: Sleeping          |       |     1 |     1 ||     2
  Eat: Bread ration      |       |     3 |     1 ||     4
       Fruit             |       |     2 |     5 ||     7
       Meat ration       |       |       |     1 ||     1
       Beef jerky        |       |       |     1 ||     1
Armor: Robe              |     3 |    14 |    23 ||    40
Dodge: Dodged            |    11 |    77 |    63 ||   151
